 Dungeon Crawl Stone Soup version 0.23.1-41-g7e51ed3 (webtiles) character file.

Game seed: 17776774450114779634

3180 snowfan the Magician (level 9, -2/57 HPs)
             Began as a Mummy Fire Elementalist on Mar 29, 2019.
             Was a Follower of Sif Muna.
             Killed from afar by an electric eel (13 damage)
             ... with a bolt of electricity
             ... in a bailey.
             The game lasted 00:47:54 (14004 turns).

snowfan the Magician (Mummy Fire Elementalist)     Turns: 14004, Time: 00:47:55

Health: -2/57      AC:  5    Str: 11    XL:     9   Next: 63%
Magic:  10/20      EV: 15    Int: 21    God:    Sif Muna [*.....]
Gold:   381        SH:  0    Dex: 18    Spells: 10/23 levels left

rFire    x . .     SeeInvis .   m - +3 short sword "Gewyabbu" {pain, *Slow rN+++ Dex+5}
rCold    + . .     Gourm    .   (no shield)
rNeg     + + +     Faith    .   a - +0 robe
rPois    ∞         Spirit   .   g - +0 helmet
rElec    .         Reflect  .   (no cloak)
rCorr    .         Harm     .   p - +1 pair of gloves
MR       +....                  (no boots)
Stlth    ++........             (no amulet)
HPRegen  0.19/turn              q - +4 ring of intelligence
MPRegen  0.17/turn              s - +3 ring of evasion

@: no status effects
A: no food or potions, fire vulnerability, cold resistance 1, negative energy
resistance 3, torment resistance, unbreathing
a: Divine Energy, Renounce Religion


You were in a bailey.
You worshipped Sif Muna.
Sif Muna was aware of your devotion.
You were not hungry.

You visited 2 branches of the dungeon, and saw 9 of its levels.
You visited the Abyss 1 time.
You also visited: Bailey.

You collected 381 gold pieces.

Inventory:

Hand Weapons
 b - a +0 dagger
 l - a +2 flail of protection
 m - the +3 short sword "Gewyabbu" (weapon) {pain, *Slow rN+++ Dex+5}
   (You found it on level 4 of the Dungeon)

   In the hands of one skilled in necromantic magic, it inflicts extra damage on
   living creatures.
   It affects your dexterity (+5).
   It renders you almost immune to negative energy.
   It may slow you when you take damage.
Missiles
 e - 117 stones (quivered)
 j - 12 sling bullets
Armour
 a - a +0 robe (worn)
 g - a +0 helmet (worn)
 p - a +1 pair of gloves (worn)
 r - the +1 plate armour of Circular Logic {rPois MP+9 Str-3 Dex-4}
   (You found it on level 5 of the Dungeon)

   It affects your strength (-3).
   It affects your dexterity (-4).
   It protects you from poison.
   It affects your magic capacity (+9).
 v - a +2 shield
Jewellery
 q - a +4 ring of intelligence (left hand)
 s - a +3 ring of evasion (right hand)
 t - an uncursed amulet of rage
Wands
 w - a wand of iceblast (6)
Scrolls
 c - 8 scrolls of identify
 d - 2 scrolls of enchant armour
 f - 2 scrolls of teleportation
 h - a scroll of amnesia {unknown}
 i - a scroll of noise {unknown}
 k - 2 scrolls of enchant weapon {unknown}
 n - a scroll of blinking {unknown}
 o - 4 scrolls of remove curse {unknown}
 u - a scroll of magic mapping {unknown}
 x - 2 scrolls of fear {unknown}


   Skills:
 - Level 1.5 Dodging
 - Level 1.5 Stealth
 + Level 7.7 Spellcasting
 - Level 7.2 Conjurations
 - Level 7.6 Fire Magic


You had 10 spell levels left.
You knew the following spells:

 Your Spells              Type           Power        Failure   Level  Hunger
a - Flame Tongue          Conj/Fire      #####        1%          1    N/A
c - Sticky Flame          Conj/Fire      #####...     3%          4    N/A
d - Conjure Flame         Conj/Fire      #####...     1%          3    N/A
s - Throw Flame           Conj/Fire      #####.       1%          2    N/A
x - Inner Flame           Hex/Fire       ###.....     4%          3    N/A

Your spell library contained the following spells:

 Spells                   Type           Power        Failure   Level  Hunger
 Fireball                 Conj/Fire      #####.....   11%         5    N/A

Dungeon Overview and Level Annotations

Branches:
Dungeon (7/15)             Temple (1/1) D:6

Altars:
Ashenzari
Cheibriados
Dithmenos
Elyvilon
Fedhas
Gozag
Hepliaklqana
Kikubaaqudgha
Makhleb
Nemelex Xobeh
Okawaru
Ru
Sif Muna
Trog
Uskayaw
Vehumet
Wu Jian
Xom
Yredelemnul
Zin
The Shining One

Annotations:
D:4 Sigmund
D:5 1 runed translucent door, myga's ghost, amateur MfTm
D:6 1 runed translucent door, bmj180's ghost, novice HuFi


Innate Abilities, Weirdness & Mutations

You do not eat or drink.
Your flesh is vulnerable to fire.
You are immune to poison.
Your flesh is cold resistant. (rC+)
You are immune to negative energy. (rN+++)
You are immune to unholy pain and torment.
You can survive without breathing.


Message History

An electric eel comes into view.
The orc knight burns!
The electric eel shoots out a bolt of lightning at you!
The bolt of electricity hits you!
The orc knight burns!
You kill the orc knight!
Sif Muna accepts your kill.
You can now request divine energy to cast spells with insufficient magic.
Your Spellcasting skill increases to level 7!
An electric eel comes into view.
The electric eel shoots out a bolt of lightning at you!
The bolt of electricity misses you.
The electric eel shoots out a bolt of lightning at you!
The bolt of electricity hits you!
* * * LOW HITPOINT WARNING * * *
The electric eel shoots out a bolt of lightning at you!
The bolt of electricity misses you.
The electric eel shoots out a bolt of lightning at you!
The bolt of electricity hits you!
You die...

##### #.∩.# ###...###
#......@# #...∩...#
#.......# #.......#
########.......########
≈≈≈≈≈≈≈.........≈≈≈≈≈≈≈
≈≈≈≈≈≈≈≈≈≈...≈≈≈≈≈≈≈≈≈≈
≈≈≈≈≈≈≈≈;≈...≈≈≈≈≈≈≈≈≈≈
≈≈≈≈≈≈≈≈;≈...≈≈≈≈≈≈≈≈≈≈


You could see an electric eel.

Vanquished Creatures
  An orc knight (Bailey)
  An orange demon (Abyss:1)
  A hungry ghost (D:7)
  Menkaure (D:5)
  4 sky beasts
  An ice beast (D:5)
  A black bear (D:6)
  A phantom (D:4)
  An ogre (D:7)
  Blork the orc (D:5)
  A bullfrog (D:7)
  A gnoll sergeant (D:6)
  A scorpion (D:5)
  7 wights
  A howler monkey (D:6)
  2 electric eels (Bailey)
  A crimson imp (D:5)
  A hound (D:9)
  3 orc priests
  A centaur skeleton (D:5)
  2 jellies
  2 orc wizards
  A bullfrog skeleton (D:6)
  3 worker ants
  The ghost of teukkam the Shield-Bearer, a weakling MiFi of Zin (D:3)
  3 hound skeletons
  3 worker ant zombies
  15 gnolls
  7 adders
  2 oozes
  An adder zombie (D:7)
  3 worms
  4 dart slugs
  3 leopard geckos
  25 orcs
  5 bats
  5 giant cockroaches
  16 goblins
  9 hobgoblins
  5 jackals
  9 kobolds
  2 quokkas
  A ball python (D:2)
  9 frilled lizards
  2 jackal skeletons
  A jackal zombie (D:6)
  2 leopard gecko skeletons
  A leopard gecko zombie (D:5)
  A quokka skeleton (D:6)
  A quokka zombie (D:3)
  8 rats
184 creatures vanquished.

Notes
Turn   | Place    | Note
-------+----------+-------------------------------------------
     0 | D:1      | snowfan the Mummy Fire Elementalist began the quest for the
                  | Orb.
     0 | D:1      | Reached XP level 1. HP: 13/13 MP: 4/4
    53 | D:1      | Reached skill level 1 in Conjurations
   189 | D:1      | Reached XP level 2. HP: 19/19 MP: 3/5
  1017 | D:2      | Reached XP level 3. HP: 22/24 MP: 4/7
  1682 | D:2      | Found a sparkling altar of Nemelex Xobeh.
  1779 | D:2      | Reached XP level 4. HP: 21/30 MP: 0/8
  2598 | D:3      | Found a transporter.
  2600 | D:3      | Found a transporter.
  2601 | D:3      | Noticed teukkam's ghost (weakling MiFi)
  2912 | D:3      | Learned a level 3 spell: Conjure Flame
  2916 | D:3      | Learned a level 3 spell: Inner Flame
  3052 | D:3      | Reached XP level 5. HP: 35/35 MP: 6/9
  4091 | D:4      | Noticed Sigmund
  4214 | D:4      | Noticed a phantom
  4497 | D:3      | Killed teukkam's ghost
  4938 | D:4      | Got a smoking short sword
  4941 | D:4      | Identified the +3 short sword "Gewyabbu" {pain, *Slow rN+++
                  | Dex+5} (You found it on level 4 of the Dungeon)
  5004 | D:4      | Reached XP level 6. HP: 38/41 MP: 10/10
  5255 | D:4      | Found a shadowy altar of Dithmenos.
  5372 | D:5      | Entered Level 5 of the Dungeon
  5372 | D:5      | Noticed Menkaure
  5374 | D:5      | Killed Menkaure
  5527 | D:5      | Found a runed translucent door.
  5529 | D:5      | Noticed myga's ghost (amateur MfTm)
  5529 | D:5      | Noticed an orc warrior
  5557 | D:5      | Noticed Blork the orc
  5576 | D:5      | Noticed an ice beast
  5678 | D:5      | Got an emerald-encrusted plate armour
  5832 | D:4      | Reached skill level 5 in Fire Magic
  5832 | D:4      | Reached XP level 7. HP: 37/46 MP: 3/11
  5907 | D:4      | Learned a level 4 spell: Sticky Flame
  5934 | D:5      | Cast into level 1 of the Abyss (orc)
  5982 | Abyss:1  | Noticed an orange demon
  5998 | Abyss:1  | Killed an orange demon
  5998 | Abyss:1  | Reached skill level 5 in Conjurations
  6016 | Abyss:1  | Noticed a sixfirhy
  6045 | Abyss:1  | Noticed a wretched star
  6064 | D:5      | Escaped the Abyss
  6461 | D:4      | Identified the +1 plate armour of Circular Logic {rPois
                  | MP+9 Str-3 Dex-4} (You found it on level 5 of the Dungeon)
  6671 | D:5      | Reached XP level 8. HP: 52/52 MP: 9/12
  7115 | D:5      | Killed Blork the orc
  7704 | D:6      | Found a bloodstained altar of Trog.
  8562 | D:6      | Found a runed translucent door.
  8566 | D:6      | Noticed bmj180's ghost (novice HuFi)
  8592 | D:6      | Found a staircase to the Ecumenical Temple.
  8598 | Temple   | Entered the Ecumenical Temple
  8793 | Temple   | Became a worshipper of Sif Muna the Loreminder
 12998 | D:6      | Reached XP level 9. HP: 51/57 MP: 10/13
 13419 | D:7      | Learned a level 2 spell: Throw Flame
 13678 | D:7      | Found an ornate altar of the Wu Jian Council.
 13775 | D:7      | Reached skill level 5 in Spellcasting
 13877 | D:7      | You fall through a shaft for 2 floors!
 13899 | D:9      | Found a flagged portal.
 13910 | Bailey   | Entered a bailey
 13988 | Bailey   | Noticed an orc knight
 13998 | Bailey   | Killed an orc knight
 13998 | Bailey   | Reached * piety under Sif Muna
 14004 | Bailey   | Killed from afar by an electric eel

Skill      XL: |  1  2  3  4  5  6  7  8  9 |
---------------+----------------------------+-----
Conjurations   | 1 2 3 4 5 6 7 |  7.2
Fire Magic     | 3 4 5 6 7 |  7.6
Spellcasting   | 7 |  7.7
Dodging        | |  1.5
Stealth        | |  1.5

Action                   |  1- 3 |  4- 6 |  7- 9 || total
-------------------------+-------+-------+-------++-------
Melee: Unarmed           |     1 |       |       ||     1
       Dagger            |    10 |    28 |       ||    38
       Short sword       |       |    24 |    92 ||   116
Throw: Stone             |     2 |     6 |     6 ||    14
 Cast: Flame Tongue      |    83 |   147 |   213 ||   443
       Conjure Flame     |       |     4 |     8 ||    12
       Inner Flame       |       |       |     2 ||     2
       Throw Flame       |       |       |     8 ||     8
       Sticky Flame      |       |       |     1 ||     1
  Use: Scroll            |       |       |     3 ||     3
 Stab: Sleeping          |       |     1 |       ||     1
Armor: Robe              |    14 |    19 |    46 ||    79
Dodge: Dodged            |    40 |    91 |   134 ||   265
